 Dungeon Crawl Stone Soup version 0.25.0-9-g26727b657a (webtiles) character file.

Game seed: 4942027291501527440

32 protoss039 the Digger (level 3, 0/28 HPs)
             Began as a Deep Elf Earth Elementalist on June 19, 2020.
             Succumbed to a kobold's poison
             ... on level 1 of the Dungeon.
             The game lasted 00:02:45 (843 turns).

protoss039 the Digger (Deep Elf Earth Elementalist)  Turns: 843, Time: 00:02:46

Health: 0/28       AC: 21    Str:  5    XL:     3   Next: 8%
Magic:  9/9        EV:  2    Int: 20    God:
Gold:   35         SH:  0    Dex: 15    Spells: 7/8 levels left

rFire    + . .     SeeInvis .   (no weapon)
rCold    + . .     Gourm    .   (no shield)
rNeg     + + +     Faith    .   (armour currently unavailable)
rPois    +         Spirit   .   (helmet currently unavailable)
rElec    +         Reflect  .   (cloak currently unavailable)
rCorr    +         Harm     .   (gloves currently unavailable)
MR       .....     NoTele   +   (boots currently unavailable)
Stlth    ++........             (no amulet)
HPRegen  0.09/turn              (no ring)
MPRegen  0.11/turn              (no ring)

@: lethally poisoned (0 -> -5), tree-form, resistant, very slightly
contaminated, invisible
A: no striking features
a: no special abilities


You were on level 1 of the Dungeon.
You were not hungry.
You were a tree.
You visited 1 branch of the dungeon, and saw 1 of its levels.

You collected 35 gold pieces.

Inventory:

Hand Weapons
 l - a +2 short sword of venom
Missiles
 b - 23 stones (quivered)
Armour
 c - a +0 robe (melded)
 k - a +0 pair of boots (melded)
Scrolls
 i - a scroll of random uselessness {unknown}
Comestibles
 d - a ration
 f - a chunk of flesh


   Skills:
 - Level 2.4 Dodging
 + Level 2.5 Stealth
 + Level 3.4 Spellcasting
   Level 1.1 Transmutations
 * Level 4.4 Earth Magic


You had 7 spell levels left.
You knew the following spells:

 Your Spells              Type           Power        Failure   Level  Hunger
a - Sandblast             Erth           ###...       2%          1    None

Your spell library contained the following spells:

 Spells                   Type           Power        Failure   Level  Hunger
 Passwall                 Tmut/Erth      ##......     7%          2    ##.....
 Stone Arrow              Conj/Erth      ##....       17%         3    ###....
 Petrify                  Tmut/Erth      ##......     41%         4    ####...
 Lee's Rapid Deconstruct  Erth           ###.......   52%         5    ######.


Dungeon Overview and Level Annotations

Branches:
Dungeon (1/15)

Altars:


Message History

You feel sick. The kobold hits you but does no damage.
Unknown command.
As you read the scroll labeled FAQURI KOQUSM, it crumbles to dust.
You feel blessed for a moment.
It was a scroll of remove curse.
The kobold barely misses you.
Unknown command.
Unknown command.
You catch the helpless kobold completely off-guard!
You smack the kobold!
You kill the kobold!
* * * LOW HITPOINT WARNING * * *
You feel sick.
Unknown command.
You hit the hobgoblin.
The hobgoblin is lightly wounded.
Unknown command.
Unknown command.
You hit the hobgoblin.
The hobgoblin is moderately wounded.
You die...

## .# .#
#################
.#
#................
.# #.###...#$..####
.#####.###...#..)##
......>.........♣.#
.################g#
## ###### ...
#######....# .....
...........#
.......
#######....##
.......
............#
#......
#######.....#
......
#...........#


You could see a hobgoblin.

Vanquished Creatures
  2 dart slugs (D:1)
  A leopard gecko (D:1)
  4 bats (D:1)
  A giant cockroach (D:1)
  3 goblins (D:1)
  7 jackals (D:1)
  3 kobolds (D:1)
  A rat (D:1)
22 creatures vanquished.

Notes
Turn   | Place    | Note
-------+----------+-------------------------------------------
     0 | D:1      | protoss039 the Deep Elf Earth Elementalist began the quest
                  | for the Orb.
     0 | D:1      | Reached XP level 1. HP: 10/10 MP: 6/6
    20 | D:1      | Reached XP level 2. HP: 15/15 MP: 0/8
   252 | D:1      | Reached skill level 4 in Earth Magic
   829 | D:1      | Reached XP level 3. HP: 8/19 MP: 7/9
   839 | D:1      | HP: 1/28 [poisoned by a kobold]
   843 | D:1      | Succumbed to a kobold's poison

Illustrated notes

Levels and vault maps discovered:
D:1:      saegor_arrival_miasma, layout_basic

Skill      XL: |  1  2 |
---------------+-------+-----
Earth Magic    | 4 |  4.4
Dodging        | |  2.4
Stealth        | |  2.5
Spellcasting   | |  3.4
Transmutations | |  1.1

Action                   || total
-------------------------++-------
Melee: Unarmed           ||    47
 Cast: Sandblast         ||    19
  Use: Potion            ||     4
       Scroll            ||     1
 Stab: Sleeping          ||     3
       Invisible         ||     1
Armor: Robe              ||    16
       Skin              ||    14
Dodge: Dodged            ||    36
